 Dungeon Crawl Stone Soup version 0.29-a0-887-gcbe080d7e0 (webtiles) character file.

Game seed: 16797253679101269055

673 pokeman the Thaumaturge (level 7, 0/38 HPs)
             Began as a Deep Elf Hedge Wizard on July 22, 2022.
             Slain by an adder (3 damage)
             ... on level 4 of the Dungeon.
             The game lasted 00:10:10 (4322 turns).

pokeman the Thaumaturge (Deep Elf Hedge Wizard)     Turns: 4322, Time: 00:10:11

Health: 0/38       AC:  4    Str:  7    XL:     7   Next: 33%
Magic:  2/20       EV: 12    Int: 21    God:
Gold:   139        SH:  0    Dex: 14    Spells: 5/22 levels left

rFire   . . .      SeeInvis .   l - +0 spear (venom)
rCold   . . .      Faith    .   (no shield)
rNeg    . . .      Spirit   .   o - +0 leather armour
rPois   .          Reflect  .   w - +0 helmet
rElec   .          Harm     .   (no cloak)
rCorr   +          Rampage  .   (no gloves)
Will    .....                   (no boots)
Stlth   ++........              (no amulet)
HPRegen 0.12/turn               f - ring of resist corrosion
MPRegen 0.17/turn               (no ring)

@: very slightly contaminated
A: no striking features
a: no special abilities


You were on level 4 of the Dungeon.
You visited 1 branch of the dungeon, and saw 6 of its levels.

You collected 139 gold pieces.

Inventory:

Hand Weapons
 l - a +0 spear of venom (weapon)
Armour
 g - a +0 buckler
 o - a +0 leather armour (worn)
 w - a +0 helmet (worn)
Magical Staves
 i - a staff of cold
Jewellery
 f - a ring of resist corrosion (left hand)
Wands
 x - a wand of iceblast (10)
Scrolls
 b - 3 scrolls of magic mapping {unknown}
 c - a scroll of immolation {unknown}
 e - 6 scrolls of identify {unknown}
 j - 2 scrolls of fog {unknown}
 k - 2 scrolls of teleportation {unknown}
 m - a scroll of silence {unknown}
 p - a scroll of acquirement {unknown}
 q - 2 scrolls of enchant armour {unknown}
 r - a scroll of enchant weapon {unknown}
 t - 2 scrolls of vulnerability {unknown}
 v - a scroll of blinking {unknown}
Potions
 a - a potion of ambrosia {unknown}
 d - a potion of magic
 h - a potion of flight {unknown}
 n - 2 potions of curing {unknown}
 s - 2 potions of attraction {unknown}
 u - 2 potions of heal wounds {unknown}


   Skills:
 + Level 1.1 Fighting
 - Level 1.0 Armour
 - Level 3.0 Dodging
 - Level 3.1 Stealth
 - Level 1.1 Shields
 * Level 8.0 Spellcasting
 + Level 3.9 Conjurations
 - Level 1.1 Summonings
 - Level 1.1 Translocations
 - Level 1.2 Fire Magic
 - Level 1.3 Ice Magic
 - Level 1.1 Air Magic
 + Level 0.4 Earth Magic
 - Level 1.2 Poison Magic
 - Level 1.1 Evocations


You had 5 spell levels left.
You knew the following spells:

 Your Spells              Type           Power      Damage    Failure   Level
a - Magic Dart            Conj           96%        1d7       2%          1
b - Mephitic Cloud        Conj/Pois/Air  17%        N/A       14%         3
c - Call Imp              Summ           13%        N/A       11%         2
d - Blink                 Tloc           26%        N/A       11%         2
e - Conjure Flame         Conj/Fire      19%        6-21      12%         3
f - Iron Shot             Conj/Erth      8%         9d3       100%        6

Your spell library contained the following spells:

 Spells                   Type           Power      Damage    Failure   Level
 Slow                     Hex            32%        N/A       12%         1
 Iskenderun's Battlesphe  Conj           24%        2d8       54%         5
 Spellforged Servitor     Conj/Summ      9%         N/A       100%        7


Dungeon Overview and Level Annotations

Branches:
Dungeon (6/15)
 Temple: D:4-7

Altars:

Shops:
D:4 [

Annotations:
D:4 Natasha, Robin


Message History

The goblin shouts!
Unknown command.
Casting: Blink (safe; 11% risk of failure)
Confirm with . or Enter, or press ? or * to list all spells.
The spell is quite dangerous to miscast (14% risk of failure)!
Continue anyway?
Aiming: Mephitic Cloud (quite dangerous; 14% risk of failure)
Press: ? - help, Shift-Dir - straight line That beam is likely to hit you.
Continue anyway?
You miscast Mephitic Cloud.
You are very lightly contaminated with residual magic.
Nothing appears to happen.
The adder barely misses you. The adder bites you but does no damage.
Casting: Mephitic Cloud (quite dangerous; 14% risk of failure)
Confirm with . or Enter, or press ? or * to list all spells.
The spell is quite dangerous to miscast (14% risk of failure)!
Continue anyway?
Aiming: Mephitic Cloud (quite dangerous; 14% risk of failure)
Press: ? - help, Shift-Dir - straight line That beam is likely to hit you.
Continue anyway?
The ball explodes into a vile cloud!
The stinking cloud engulfs the adder but does no damage.
The stinking cloud engulfs you but does no damage.
The stinking cloud engulfs the goblin but does no damage.
You are engulfed in noxious fumes.
You choke on the stench!
You are confused.
You hear an angry hiss.
You hear a shout!
You hear an angry hiss.
You hear a bark!
You hear a shout!
The goblin hits you but does no damage.
The adder is engulfed in noxious fumes.
The adder appears confused.
The adder barely misses you.
Unknown command.
You feel less confused.
The adder is engulfed in noxious fumes.
The adder appears confused.
You closely miss the goblin.
The adder is engulfed in noxious fumes.
The adder appears confused.
The goblin barely misses you.
Unknown command.
You closely miss the goblin.
You feel stable enough to blink again. The goblin hits you with a +0 dagger.
* * * LOW HITPOINT WARNING * * *
The adder bites you.
You die...

.# #rrwh........# ##
#≈#≈..............
#≈≈≈..w......#♣♣.♣
#≈#..........#
#≈≈≈.........#
.##########≈≈............
.....................#####
...............g.....#
.............w.°@....##
..#......!....°S......#
##..........°h......#
##............#....#
#######.........O##.....
.....###.........# ...#
........#......#5# ##.
........########g#
.......g# ##>#######


You could see a black bear, an ogre, 2 worms, an adder (confused), 2 goblins and
a friendly white imp (summoned).

Vanquished Creatures
  A water moccasin (D:4)
  A black bear (D:4)
  A phantom (D:5)
  A bullfrog (D:6)
  A necrophage (D:6)
  2 jellies
  Ijyb (D:4)
  3 adders
  A river rat (D:4)
  A shadow imp (D:6)
  An ufetubus (D:4)
  2 worms
  A dart slug (D:1)
  14 endoplasms
  3 giant cockroaches (D:1)
  10 goblins
  11 hobgoblins
  A jackal (D:4)
  6 ball pythons
  2 bats
  3 frilled lizards
  8 kobolds
  5 rats
80 creatures vanquished.

Vanquished Creatures (collateral kills)
  A hound (D:4)
  An adder (D:4)
  An endoplasm (D:4)
  4 goblins (D:4)
  2 jackals (D:4)
  A kobold (D:4)
  A rat (D:4)
11 creatures vanquished.

Vanquished Creatures (others)
  6 fungi (D:2)
  8 toadstools (D:2)
14 creatures vanquished.

Grand Total: 105 creatures vanquished

Notes
Turn   | Place    | Note
-------+----------+-------------------------------------------
     0 | D:1      | pokeman the Deep Elf Hedge Wizard began the quest for the
                  | Orb.
     0 | D:1      | Reached XP level 1. HP: 10/10 MP: 7/7
   450 | D:1      | Reached XP level 2. HP: 16/16 MP: 4/9
  1498 | D:2      | Reached skill level 5 in Spellcasting
  1630 | D:2      | Reached XP level 3. HP: 20/20 MP: 6/11
  1634 | D:2      | Learned a level 3 spell: Mephitic Cloud
  1637 | D:2      | Learned a level 2 spell: Call Imp
  1640 | D:2      | Learned a level 2 spell: Blink
  1644 | D:2      | Learned a level 3 spell: Conjure Flame
  1944 | D:2      | Reached skill level 1 in Fighting
  1969 | D:2      | Reached skill level 1 in Armour
  2587 | D:2      | Reached XP level 4. HP: 25/25 MP: 5/13
  3383 | D:3      | You fall into a shaft and drop 3 floors!
  3522 | D:6      | Reached skill level 1 in Shields
  3522 | D:6      | Reached skill level 6 in Spellcasting
  3522 | D:6      | Reached XP level 5. HP: 29/29 MP: 6/15
  3640 | D:5      | Entered Level 5 of the Dungeon
  3655 | D:5      | Noticed a phantom
  3675 | D:6      | Reached skill level 1 in Fire Magic
  3675 | D:6      | Reached XP level 6. HP: 34/34 MP: 0/17
  3799 | D:5      | Reached skill level 7 in Spellcasting
  3990 | D:4      | Noticed Natasha
  4048 | D:4      | Reached skill level 1 in Ice Magic
  4048 | D:4      | Reached skill level 1 in Air Magic
  4066 | D:4      | Found Yrut Vimn's Armour Emporium.
  4066 | D:4      | Noticed Ijyb
  4093 | D:4      | Killed Ijyb
  4114 | D:4      | Noticed a water moccasin
  4129 | D:4      | Killed a water moccasin
  4130 | D:4      | Reached skill level 1 in Poison Magic
  4130 | D:4      | Reached skill level 1 in Evocations
  4130 | D:4      | Reached XP level 7. HP: 33/38 MP: 7/20
  4137 | D:4      | Learned a level 6 spell: Iron Shot
  4240 | D:4      | Noticed Robin
  4274 | D:4      | HP: 1/38 [goblin/+0 club[Robin] (3)]
  4307 | D:4      | Reached skill level 8 in Spellcasting
  4322 | D:4      | Slain by an adder

Illustrated notes

Levels and vault maps discovered:
D:1:      lemuel_arrival_behind_the_door_large, layout_basic
D:2:      cheibrodos_fertilizer, layout_loops_cross,
          kennysheep_cross_bottleneck, minmay_pentomino_t2
D:3:      layout_rooms
D:4:      layout_basic, gammafunk_ghost_nasty_kobolds, serial_shops, shop,
          lightli_sewer_entry_pipes, minmay_tree_intersection,
          lemuel_flame_loot_1, uniq_ijyb, uniq_natasha, uniq_robin
D:5:      black_bear_nest_2, layout_basic, saegor_snake_ambush, uniq_eustachio
D:6:      layout_layer_cave, cheibrodos_worm_habitat, uniq_pikel

Skill      XL: |  1  2  3  4  5  6  7 |
---------------+----------------------+-----
Spellcasting   | 5 6 7 8 |  8.0
Fighting       | 1 |  1.1
Armour         | 1 |  1.0
Conjurations   | 2 3 |  3.9
Dodging        | 3 |  3.0
Shields        | 1 |  1.1
Stealth        | 3 |  3.1
Fire Magic     | 1 |  1.2
Ice Magic      | 1 |  1.3
Air Magic      | 1 |  1.1
Poison Magic   | 1 |  1.2
Evocations     | 1 |  1.1
Summonings     | |  1.1
Translocations | |  1.1
Earth Magic    | |  0.4

Action                   |  1- 3 |  4- 6 |  7- 9 || total
-------------------------+-------+-------+-------++-------
Melee: Dagger            |    13 |       |       ||    13
       Spear             |     9 |    25 |    17 ||    51
 Cast: Magic Dart        |   101 |    89 |     6 ||   196
       Conjure Flame     |     1 |     4 |     2 ||     7
       Call Imp          |       |     3 |     3 ||     6
       Mephitic Cloud    |       |     2 |     2 ||     4
       Blink             |       |       |     4 ||     4
 Stab: Confused          |       |     4 |       ||     4
Armor: Robe              |     4 |       |       ||     4
       Leather armour    |       |    12 |    21 ||    33
Dodge: Dodged            |    21 |    39 |    53 ||   113

Table legend: (Time is in decaauts)
 A = Elapsed time spent in this place.
 B = Non-inter-level travel time spent in this place.
 C = Inter-level travel time spent in this place.
 D = Time resting spent in this place.
 E = Time spent auto-exploring this place.
 F = Levels seen in this place.
 G = Mean time per level.
                   A        B        C        D        E       F      G
               +--------+--------+--------+--------+--------+-----+--------+
         Total |   4341 |   4220 |    121 |    210 |   3171 |   6 |  723.5 |
       Dungeon |   4341 |   4220 |    121 |    210 |   3171 |   6 |  723.5 |
               +--------+--------+--------+--------+--------+-----+--------+

Top non-repeatable levels by time:
     D:2: 1610 daAuts
     D:1: 1526 daAuts
     D:6: 370 daAuts
     D:4: 340 daAuts
     D:3: 247 daAuts
     D:5: 246 daAuts
